 Dungeon Crawl Stone Soup version 0.20-a0-1006-ge6c5631 (webtiles) character file.

59 Ordine the Insei (level 4, -2/28 HPs)
             Began as an Octopode Transmuter on Apr 13, 2017.
             Killed from afar by Ijyb (21 damage)
             ... with a wand of acid (?/15)
             ... on level 3 of the Dungeon.
             The game lasted 00:05:24 (2785 turns).

Ordine the Insei (Octopode Transmuter)              Turns: 2785, Time: 00:05:25

Health: -2/28      AC:  1    Str:  9    XL:     4   Next: 3%
Magic:  8/8        EV: 13    Int: 16    God:
Gold:   155        SH:  0    Dex: 12    Spells: 6/9 levels left

rFire    . . .     SeeInvis .     - Unarmed
rCold    . . .     Gourm    .   (no shield)
rNeg     . . .     Faith    .   (helmet restricted)
rPois    .         Spirit   .   (no amulet)
rElec    .         Reflect  .   (no ring)
rCorr    .         Harm     .   (no ring)
MR       .....                  (no ring)
Stlth    ++........             (no ring)
Regen    0.1/turn               (no ring)
MPRegen  0.2/turn               (no ring)
                                (no ring)
                                (no ring)

@: no status effects
A: almost no armour, stealthy swim, amphibious, 8 rings, constrict 8, camouflage
1, gelatinous body 1
a: no special abilities


You were on level 3 of the Dungeon.
You were not hungry.

You visited 1 branch of the dungeon, and saw 3 of its levels.

You collected 155 gold pieces.

Inventory:

Jewellery
 d - an uncursed ring of stealth {unknown}
Scrolls
 a - a scroll of blinking
 i - a scroll of amnesia
Potions
 e - a potion of curing {unknown}
 g - a potion of mutation
Books
 b - a book of Changes

   Spells                             Type                      Level
   a - Beastly Appendage              Transmutation                1
   b - Sticks to Snakes               Transmutation                2
   c - Spider Form                    Transmutation/Poison         3
   d - Ice Form                       Ice/Transmutation            4
   e - Blade Hands                    Transmutation                5
 f - a book of Misfortune

   Spells                             Type                      Level
   a - Confusing Touch                Hexes                        1
   b - Confuse                        Hexes                        3
   c - Gell's Gravitas                Translocation                3
   d - Petrify                        Transmutation/Earth          4
   e - Metabolic Englaciation         Hexes/Ice                    5
   f - Yara's Violent Unravelling     Hexes/Transmutation          5
Comestibles
 c - 2 bread rations
 h - a chunk of flesh


   Skills:
 - Level 1.0 Fighting
 - Level 2.0 Dodging
 + Level 3.6 Unarmed Combat
 * Level 3.1 Spellcasting
 + Level 2.4 Transmutations


You had 6 spell levels left.
You knew the following spells:

 Your Spells              Type           Power        Failure   Level  Hunger
a - Spider Form           Tmut/Pois      #.........   34%         3    ###....


Dungeon Overview and Level Annotations

Branches:
Dungeon (3/15)

Altars:
Dithmenos

Annotations:
D:3 Ijyb


Innate Abilities, Weirdness & Mutations

You cannot wear most types of armour.
You are very stealthy in the water. (Stealth+)
You are amphibious.
You can wear up to eight rings at the same time.
You can use your tentacles to constrict eight enemies at once.
Your skin changes colour to match your surroundings (Stealth+).
Your rubbery body absorbs attacks. (AC +1, EV +1)


Message History

The goblin is severely wounded.
You constrict the goblin.
You kill the goblin!
Ijyb barely misses you.
A rat comes into view.
You tentacle-slap Ijyb. You grab Ijyb. You tentacle-slap Ijyb.
Ijyb is lightly wounded.
You constrict Ijyb. Ijyb hits you with a dagger of speed.
You tentacle-slap Ijyb but do no damage.
Ijyb is moderately wounded.
You constrict Ijyb. Ijyb hits you with a dagger of speed.
You tentacle-slap Ijyb.
Ijyb is heavily wounded.
You constrict Ijyb, but do no damage. Ijyb barely misses you.
The hobgoblin closely misses you.
You tentacle-slap Ijyb.
Ijyb is heavily wounded.
You constrict Ijyb.
Ijyb zaps a wand.
The bolt of acid hits you!
Ouch! That really hurt!
You die...

.#.# . .#.#.## #.#
....... #.# #
.....# #.. [.
.########### #.#
... .....[.....#
#.# .. ##########.#
#.##.#.#$ #######
#.# #†g..r...
......####.#####@g#
#####.............#
#..###>.......#
#..# ######.#.+
#..# #.#.#
#####..##### #.$.#
............. ....#
#####.......# #....
##.####.# ##..#


You could see Ijyb, a hobgoblin and a rat.

Vanquished Creatures
  2 worms (D:2)
  A leopard gecko (D:3)
  10 bats
  3 giant cockroaches
  4 goblins
  5 hobgoblins (D:2)
  3 jackals (D:1)
  A quokka (D:2)
  A ball python (D:1)
  2 frilled lizards (D:2)
  10 kobolds
  7 rats
  A fungus (D:2)
50 creatures vanquished.

Notes
Turn   | Place    | Note
-------+----------+-------------------------------------------
     0 | D:1      | Ordine the Octopode Transmuter began the quest for the Orb.
     0 | D:1      | Reached XP level 1. HP: 13/13 MP: 3/3
   316 | D:1      | Reached XP level 2. HP: 18/18 MP: 5/5
   950 | D:2      | Found a shadowy altar of Dithmenos.
  1255 | D:2      | Reached XP level 3. HP: 19/23 MP: 7/7
  1260 | D:2      | Learned a level 3 spell: Spider Form
  2760 | D:3      | Reached XP level 4. HP: 27/28 MP: 8/8
  2775 | D:3      | Noticed Ijyb
  2785 | D:3      | Killed from afar by Ijyb

Vault maps used:
D:1:      sevenhm_arrival_forest_fort_large_2
D:2:      first_bread, minmay_gold_behind_fungi, grunt_dithmenos_smoke
D:3:      lemuel_round_altar, lemuel_doored_altar, grunt_decor_arrowhead,
          uniq_iyjb

Skill      XL: |  1  2  3 |
---------------+----------+-----
Spellcasting   | 3 |  3.1
Fighting       | |  1.0
Dodging        | |  2.0
Unarmed Combat | |  3.6
Transmutations | |  2.4

Action                   |  1- 3 |  4- 6 || total
-------------------------+-------+-------++-------
Melee: Unarmed           |   138 |     8 ||   146
       Constrict         |    34 |     3 ||    37
       Tentacles         |    16 |       ||    16
       Punch             |     1 |     1 ||     2
  Use: Scroll            |     7 |       ||     7
 Stab: Sleeping          |     8 |       ||     8
  Eat: Chunk             |     6 |       ||     6
Armor: Skin              |    15 |       ||    15
Dodge: Dodged            |    84 |     3 ||    87
